Map: Altitude LE

Players

winzboy

  • Race: Protoss Protoss
  • League: Gold
  • Spawn Location: 1:00

bill - Winner!

  • Race: Terran Terran
  • Spawn Location: 7:00

VOD

Have the link to the VOD?

Description

Time

  • Played on: May 25, 2023, 7:30 p.m.
  • Length: 3:26
Show
View Real Time Build Order
Export as new Build Order

winzboy Protoss 

Build Orders:  

Get SALT Encoding   

  12  0:01  Probe  
  13  0:13  Probe  
  14  0:25  Pylon  
  14  0:26  Probe  
  15  0:49  Gateway  
  15  1:01  Probe (Chrono Boost)  
  17  1:12  Probe (Chrono Boost)  
  17  1:17  Probe (Chrono Boost)  
  18  1:28  Probe  
  19  1:41  Cybernetics Core  
  19  1:45  Nexus  
  19  1:49  Probe  
  19  1:52  Assimilator  
  20  1:55  Assimilator  
  20  2:01  Probe  
  21  2:08  Pylon  
  21  2:13  Probe  
  21  2:25  Probe  
  22  2:37  Probe  
  23  2:49  Probe  
  23  2:50  Stalker  
  22  3:01  Probe  
  22  3:05  Probe  
  24  3:13  Probe  
Show
View Real Time Build Order
Export as new Build Order

bill Terran - Winner!

Build Orders: Reaper Expand 

Get SALT Encoding   

  12  0:01  SCV  
  13  0:17  Supply Depot  
  13  0:18  SCV  
  14  0:30  SCV  
  15  0:41  Barracks  
  15  0:42  SCV  
  16  0:48  Refinery  
  16  0:54  SCV  
  17  1:07  SCV  
  18  1:19  SCV  
  19  1:30  Supply Depot  
  19  1:34  Reaper  
  20  1:49  Refinery  
  20  1:57  Barracks  
  20  2:03  Command Center  
  20  2:07  Orbital Command  
  20  2:17  Barracks Tech Lab  
  20  2:35  SCV  
  21  2:47  SCV  
Tags
 
League
Gold
Matchup
PvT
Replay Pack
Multiplayer
Spawn Locations
Cross Positions
Add a new tag
Caveats
  • Supply blocks, unpowered buildings, or Contaminate may cause inaccurate times.
  • Supply counts are checked every 10 seconds.